 Dungeon Crawl Stone Soup version 0.28-a0-1213-g0243856f03 (webtiles) character file.

Game seed: 14208308133587554790

429 siradein the Gusty (level 6, -6/45 HPs)
             Began as a Draconian Air Elementalist on Dec 21, 2021.
             Mangled by an ogre (29 damage)
             ... on level 4 of the Dungeon.
             The game lasted 00:12:48 (3994 turns).

siradein the Gusty (Draconian Air Elementalist)     Turns: 3994, Time: 00:12:50

Health: -6/45      AC:  6    Str: 10    XL:     6   Next: 66%
Magic:  6/11       EV: 12    Int: 18    God:
Gold:   151        SH:  5    Dex: 11    Spells: 3/11 levels left

rFire   . . .      SeeInvis .   k - +1 broad axe (drain)
rCold   . . .      Faith    .   (no shield)
rNeg    . . .      Spirit   .   (armour unavailable)
rPois   .          Reflect  +   (helmet restricted)
rElec   .          Harm     .   (no cloak)
rCorr   .          Rampage  .   (no gloves)
Will    .....                   (no boots)
Stlth   ++........              d - amulet of reflection
HPRegen 0.15/turn               (no ring)
MPRegen 0.12/turn               (no ring)

@: no status effects
A: AC +6, unfitting armour, cold-blooded
a: no special abilities


You were on level 4 of the Dungeon.
You visited 1 branch of the dungeon, and saw 4 of its levels.

You collected 151 gold pieces.

Inventory:

Hand Weapons
 k - a +1 broad axe of draining (weapon)
Jewellery
 d - an amulet of reflection (around neck)
 n - a ring of willpower
Scrolls
 b - 2 scrolls of enchant weapon
 c - a scroll of teleportation
 g - a scroll of enchant armour
 m - a scroll of fear {unknown}
Potions
 a - 2 potions of brilliance
 e - a potion of heal wounds {unknown}
 f - a potion of curing {unknown}
 h - a potion of might {unknown}
 i - a potion of invisibility {unknown}
 j - a potion of haste {unknown}
 l - 2 potions of flight {unknown}


   Skills:
 + Level 3.4 Dodging
 - Level 1.7 Stealth
 + Level 3.4 Spellcasting
 + Level 3.2 Conjurations
 + Level 2.0 Necromancy
 + Level 4.3 Air Magic


You had 3 spell levels left.
You knew the following spells:

 Your Spells              Type           Power      Damage    Failure   Level
a - Shock                 Conj/Air       64%        1d7       3%          1
b - Static Discharge      Conj/Air       16%        N/A       4%          2
c - Swiftness             Air            18%        N/A       8%          3
d - Corpse Rot            Necr/Air       28%        N/A       6%          2

Your spell library contained the following spells:

 Spells                   Type           Power      Damage    Failure   Level
 Poisonous Vapours        Pois/Air       22%        N/A       10%         2
 Tukima's Dance           Hex            3%         N/A       43%         3
 Airstrike                Air            9%         N/A       26%         4
 Passage of Golubria      Tloc           3%         N/A       83%         4
 Yara's Violent Unravell  Hex/Tmut       1%         3d3       99%         5


Dungeon Overview and Level Annotations

Branches:
Dungeon (4/15)
 Temple: D:4-7

Altars:

Shops:
D:2 =


Innate Abilities, Weirdness & Mutations

Your plain brown scales are hard. (AC +6)
You cannot fit into any form of body armour.
You are cold-blooded and may be slowed by cold attacks.


Message History

You are too depleted to draw on your mana recklessly!
You are too depleted to draw on your mana recklessly!
The worm closely misses you.
You barely miss the worm.
The worm is lightly wounded.
The worm misses you.
You slash the worm! You drain the worm.
The worm is severely wounded.
You slash the worm!
You kill the worm!
No target in view!
No target in view!
No target in view!
Magic restored.
Key pressed, stopping explore.
HP restored.
There is a stone staircase leading up, spattered with blood here.
Things that are here:
a +0 giant club; an ogre corpse
Found a stone staircase leading up.
Found a pair of boots.
There is a stone staircase leading up here.
An ogre comes into view. It is wielding a +0 giant club.
The zap hits the ogre!
The ogre is moderately wounded.
The ogre shouts!
Casting: Shock (safe; 3% risk of failure)
Confirm with . or Enter, or press ? or * to list all spells.
The ogre is struck by an arc of lightning.
The ogre is heavily wounded.
You are struck by an arc of lightning.
The lightning grounds out.
The ogre hits you with a +0 giant club!!
Casting: Static Discharge (safe; 4% risk of failure)
Confirm with . or Enter, or press ? or * to list all spells.
The ogre is struck by an arc of lightning.
The ogre is heavily wounded.
You are struck by an arc of lightning.
The lightning grounds out.
The ogre hits you with a +0 giant club!!
Ouch! That really hurt!
You die...

#.......#....#.......
.#
##...#.##.#####......
..####..#.####
#........
............#
###......
...........## #.....#
......#...## ##..###
..[...#.<.# ####
......O#.##
.......@## ##.......#
#.......# ##......#
###....# #.#### ##


You could see an ogre.

Vanquished Creatures
  A wyvern (D:4)
  An ogre (D:4)
  A water moccasin skeleton (D:4)
  A hound (D:3)
  An iguana (D:4)
  3 adders
  3 worms
  4 orcs (D:3)
  5 bats
  5 endoplasms
  A goblin (D:2)
  5 hobgoblins
  6 jackals
  7 ball pythons
  3 frilled lizards
  6 kobolds
  A quokka skeleton (D:3)
  10 rats
64 creatures vanquished.

Vanquished Creatures (others)
  4 plants (D:1)
  4 toadstools (D:1)
8 creatures vanquished.

Grand Total: 72 creatures vanquished

Notes
Turn   | Place    | Note
-------+----------+-------------------------------------------
     0 | D:1      | siradein the Draconian Air Elementalist began the quest for
                  | the Orb.
     0 | D:1      | Reached XP level 1. HP: 14/14 MP: 3/3
   401 | D:1      | Reached XP level 2. HP: 20/20 MP: 0/5
   576 | D:1      | Learned a level 2 spell: Static Discharge
   990 | D:1      | Found a faded altar of an unknown god.
  1497 | D:2      | Reached XP level 3. HP: 26/26 MP: 0/6
  1689 | D:2      | Learned a level 3 spell: Swiftness
  1769 | D:2      | Found Jeph's Jewellery Shop.
  2679 | D:3      | Reached XP level 4. HP: 23/33 MP: 2/7
  3161 | D:3      | Learned a level 2 spell: Corpse Rot
  3194 | D:4      | Reached XP level 5. HP: 38/38 MP: 0/9
  3328 | D:4      | Noticed a wyvern
  3336 | D:4      | Killed a wyvern
  3337 | D:4      | Reached skill level 1 in Necromancy
  3337 | D:4      | Reached skill level 4 in Air Magic
  3337 | D:4      | Reached XP level 6. HP: 3/45 MP: 0/10
  3994 | D:4      | Mangled by an ogre

Illustrated notes

Levels and vault maps discovered:
D:1:      ldierk_walled_garden_2, layout_loops_corners, serial_bayou,
          serial_bayou_shore_a, serial_bayou_lagoon_a, serial_bayou_pond_d,
          serial_bayou_pond_d, dreamdust_ecumenical_altar_hidden_monk_grotto
D:2:      layout_loops_ring, serial_shops, nicolae_shop_behind_doors,
          kennysheep_generic_room_12
D:3:      layout_rooms, grunt_decor_one_mirror, minmay_vboxes
D:4:      layout_cave_pools, lemuel_tele_altar, uniq_crazy_yiuf_cottage,
          uniq_eustachio

Skill      XL: |  1  2  3  4  5  6 |
---------------+-------------------+-----
Dodging        | 2 3 |  3.4
Conjurations   | 2 3 |  3.2
Spellcasting   | 3 |  3.4
Necromancy     | 1 2 |  2.0
Air Magic      | 4 |  4.3
Stealth        | |  1.7

Action                   |  1- 3 |  4- 6 || total
-------------------------+-------+-------++-------
Melee: Unarmed           |     3 |       ||     3
       Tailslap          |     6 |     3 ||     9
       Spear             |    22 |     5 ||    27
       Broad axe         |       |     8 ||     8
 Cast: Shock             |    94 |    51 ||   145
       Static Discharge  |       |    12 ||    12
  Use: Scroll            |       |     4 ||     4
Armor: Skin              |    14 |     3 ||    17
Dodge: Dodged            |    42 |    16 ||    58
Block: Other             |    15 |     5 ||    20
       Reflection        |       |     1 ||     1

Table legend: (Time is in decaauts)
 A = Elapsed time spent in this place.
 B = Non-inter-level travel time spent in this place.
 C = Inter-level travel time spent in this place.
 D = Time resting spent in this place.
 E = Time spent auto-exploring this place.
 F = Levels seen in this place.
 G = Mean time per level.
                   A        B        C        D        E       F      G
               +--------+--------+--------+--------+--------+-----+--------+
         Total |   4040 |   4010 |     30 |    426 |   3130 |   4 | 1010.0 |
       Dungeon |   4040 |   4010 |     30 |    426 |   3130 |   4 | 1010.0 |
               +--------+--------+--------+--------+--------+-----+--------+

Top non-repeatable levels by time:
     D:3: 1258 daAuts
     D:1: 1204 daAuts
     D:2: 1190 daAuts
     D:4: 387 daAuts
